 Dungeon Crawl Stone Soup version 0.17.1-1-g73c8601 (webtiles) character file.

182 PossumBlood the Chopper (level 5, -4/45 HPs)
             Began as a Minotaur Fighter on Jan 9, 2016.
             Killed by divine providence
             ... invoked by an orc priest
              (13 damage)
             ... on level 3 of the Dungeon.
             The game lasted 00:03:39 (1762 turns).

PossumBlood the Chopper (Minotaur Fighter)          Turns: 1762, Time: 00:03:39

Health: -4/45      AC:  6    Str: 22    XL:     5   Next: 35%
Magic:  4/4        EV:  7    Int:  5    God:
Gold:   99         SH: 10    Dex:  9    Spells: 0 memorised, 4 levels left

rFire  . . .     SeeInvis .     a - +0 war axe
rCold  . . .     Clarity  .     b - +0 scale mail
rNeg   . . .     SustAt   .     c - +1 shield
rPois  .         Gourm    .     (helmet restricted)
rElec  .         Spirit   .     (no cloak)
rCorr  .         Warding  .     (no gloves)
rMut   .         Stasis   .     (no boots)
MR     .....                    (no amulet)
Stlth  ..........               (no ring)
                                f - ring of wizardry

@: not resistant to hostile enchantments, extremely unstealthy
A: retaliatory headbutt, horns 2
a: no special abilities


You were on level 3 of the Dungeon.
You were not hungry.

You visited 1 branch of the dungeon, and saw 3 of its levels.

You collected 99 gold pieces.

Inventory:

Hand Weapons
 a - a +0 war axe (weapon)
Armour
 b - a +0 scale mail (worn)
 c - a +1 shield (worn)
Jewellery
 f - a ring of wizardry (left hand)
Scrolls
 h - a scroll of teleportation
Potions
 d - a potion of might
 e - a potion of brilliance
 g - a potion of lignification
 j - a potion of agility
Comestibles
 i - a bread ration
 m - a beef jerky


   Skills:
 - Level 3.6 Fighting
 * Level 6.8 Axes
 - Level 3.6 Armour
 - Level 3.6 Shields


You had 4 spell levels left.
You didn't know any spells.

Dungeon Overview and Level Annotations

Branches:
Dungeon (3/15)

Altars:

Annotations:
D:3 Natasha


Innate Abilities, Weirdness & Mutations

You reflexively headbutt those who attack you in melee.
You have a pair of horns on your head.


Message History

The crimson imp grins evilly.
The crimson imp blinks!
You slash the orc priest! Your headbutt misses the orc priest.
The orc priest is almost dead.
You block the orc priest's attack.
The gnoll hits you from afar with a halberd.
* * * LOW HITPOINT WARNING * * *
The shadow imp spits at you.
A gnoll comes into view. It is wielding a whip.
You closely miss the orc priest.
The gnoll shouts!
Your headbutt misses the orc priest.
The orc priest is almost dead.
You block the orc priest's attack. The gnoll barely misses you.
The gnoll moves out of view.
Your shield and scale mail prevent you from hitting the orc priest.
The orc priest is almost dead.
The orc priest calls down the wrath of Beogh upon you.
Something smites you!
You die...

##.##
##...##.#.#.##.## #.#
##+###.#.#....## #.#
#.# #.#.###..## #.
####.###.#.>..<...
....#.......#..##
##....#.(......#
#.....#####.#.##
###.#####....##......#
..5h5go@........##.###
###5#####..#.#####.#
#..#.#####.#
#..#.......#
...######### ###.# #.#
#.# #.#


You could see an orc priest, Natasha, a gnoll, a crimson imp and 2 shadow imps.

Vanquished Creatures
  Terence (D:2)
  2 gnolls
  9 adders
  A worm (D:2)
  A giant gecko (D:2)
  2 orcs (D:3)
  2 giant cockroaches
  4 goblins
  7 hobgoblins
  9 jackals
  5 kobolds
  A quokka (D:3)
  2 bats
  A giant newt (D:1)
  5 rats
52 creatures vanquished.

Notes
Turn   | Place    | Note
--------------------------------------------------------------
     0 | D:1      | PossumBlood the Minotaur Fighter began the quest for the Orb.
     0 | D:1      | Reached XP level 1. HP: 19/19 MP: 0/0
     6 | D:1      | Noticed a wolf
     6 | D:1      | Noticed a killer bee
     6 | D:1      | Noticed a black bear
     7 | D:1      | Noticed an eight-headed hydra
     8 | D:1      | Noticed a swamp worm
   121 | D:1      | Reached XP level 2. HP: 20/26 MP: 1/1
   570 | D:2      | Reached skill level 4 in Axes
   576 | D:2      | Reached XP level 3. HP: 15/31 MP: 2/2
   855 | D:2      | Noticed Terence
   868 | D:2      | Killed Terence
   868 | D:2      | Reached skill level 5 in Axes
   868 | D:2      | Reached XP level 4. HP: 35/39 MP: 3/3
  1385 | D:3      | Reached skill level 6 in Axes
  1614 | D:3      | Reached XP level 5. HP: 38/45 MP: 4/4
  1747 | D:3      | Noticed Natasha
  1762 | D:3      | Killed from afar by an orc priest

Action                   |  1- 3 |  4- 6 || total
-------------------------+-------+-------++-------
Melee: War axe           |    59 |    97 ||   156
  Use: Scroll            |     5 |     5 ||    10
  Eat: Bread ration      |       |     1 ||     1
